Map: Dusk Towers

Players

LilDicky - Winner!

  • Race: Terran Terran
  • League: Diamond

BlameGame

  • Race: Terran Terran
  • League: Master

VOD

http://www.twitch.tv/tumescentpie

Description

Time

  • Played on: Nov. 24, 2015, 5:32 p.m.
  • Length: 4:21
Show
View Real Time Build Order
Export as new Build Order

LilDicky Terran - Winner!

Build Orders:  

Get SALT Encoding   

  12  0:01  SCV  
  13  0:13  SCV  
  14  0:17  Supply Depot  
  14  0:25  SCV  
  15  0:33  Refinery  
  15  0:41  SCV  
  16  0:46  Barracks  
  16  0:53  SCV  
  17  1:05  SCV  
  18  1:18  SCV  
  19  1:25  Barracks  
  19  1:34  Orbital Command  
  19  1:36  Reaper  
  19  1:38  Supply Depot  
  20  1:54  Refinery  
  20  2:00  SCV  
  21  2:07  Barracks  
  21  2:08  Reaper  
  22  2:13  Reaper  
  23  2:18  Supply Depot  
  23  2:21  SCV  
  24  2:40  Reaper  
  25  2:58  SCV, Reaper x2  
  28  3:06  Supply Depot  
  28  3:10  SCV  
  28  3:12  Reaper  
  30  3:15  Command Center  
  30  3:30  Reaper x2  
  31  3:44  SCV, Reaper  
  33  3:56  SCV  
  36  4:08  SCV  
Show
View Real Time Build Order
Export as new Build Order

BlameGame Terran 

Build Orders: Reaper Expand 

Get SALT Encoding   

  12  0:01  SCV  
  13  0:13  SCV  
  14  0:20  Supply Depot  
  14  0:36  SCV  
  14  0:38  Refinery  
  15  0:44  Barracks  
  15  0:53  SCV  
  16  1:05  SCV  
  17  1:19  SCV  
  18  1:31  Reaper  
  19  1:38  Orbital Command  
  19  1:43  Command Center  
  19  1:55  Supply Depot  
  19  2:09  Marine  
  19  2:14  Factory  
  20  2:20  SCV  
  20  2:21  Refinery  
  21  2:31  Marine  
  21  2:33  SCV  
  21  2:51  Reaper  
  22  3:01  SCV  
  22  3:09  Starport, Widow Mine  
  24  3:18  Orbital Command  
  23  3:21  SCV  
  23  3:23  Marine  
  25  3:33  SCV  
  21  3:53  SCV  
  21  3:54  Marine  
  17  4:05  SCV  
  17  4:07  Barracks  
Tags
 
Add a new tag
Caveats
  • Supply blocks, unpowered buildings, or Contaminate may cause inaccurate times.
  • Supply counts are checked every 10 seconds.